 Dungeon Crawl Stone Soup version 0.28.0-49-g6dfe1f597d (webtiles) character file.

Game seed: 14764991823819003897

503 Zeld the Chopper (level 6, 0/52 (57) HPs)
             Began as a Minotaur Berserker on May 11, 2022.
             Was a Priest of Trog.
             Slain by a wight
             ... wielding a +2 morningstar
              (8 damage)
             ... on level 3 of the Dungeon.
             The game lasted 00:04:13 (5042 turns).

Zeld the Chopper (Minotaur Berserker)               Turns: 5042, Time: 00:04:14

HP:   0/52 (57)     AC:  2    Str: 24    XL:     6   Next: 96%
MP:   5/5           EV: 12    Int:  4    God:    Trog [***...]
Gold: 182           SH:  0    Dex:  9    Spells: 5/5 levels left

rFire   . . .      SeeInvis .   a - +0 hand axe
rCold   . . .      Faith    .   (no shield)
rNeg    . . .      Spirit   .   b - +0 animal skin
rPois   .          Reflect  .   (helmet restricted)
rElec   .          Harm     .   (no cloak)
rCorr   .          Rampage  .   (no gloves)
Will    ++...                   (no boots)
Stlth   +.........              (no amulet)
HPRegen 1.17/turn               (no ring)
MPRegen 0.09/turn               (no ring)

@: strong-willed, regenerating, drained
A: horns 2, retaliatory headbutt
a: Renounce Religion, Berserk, Trog's Hand


You were on level 3 of the Dungeon.
You worshipped Trog.
Trog was most pleased with you.
You visited 1 branch of the dungeon, and saw 4 of its levels.

You collected 182 gold pieces.

Inventory:

Hand Weapons
 a - a +0 hand axe (weapon)
Armour
 b - a +0 animal skin (worn)
Jewellery
 f - a ring of poison resistance
Wands
 h - a wand of polymorph (4)
Scrolls
 c - 4 scrolls of identify {unknown}
 d - 2 scrolls of fog {unknown}
 e - a scroll of torment {unknown}
 i - a scroll of enchant weapon {unknown}
 l - a scroll of noise {unknown}
 m - a scroll of holy word {unknown}
Potions
 g - a potion of invisibility {unknown}
 j - a potion of curing {unknown}
 k - a potion of heal wounds {unknown}
 n - 2 potions of haste {unknown}


   Skills:
 * Level 6.2 Fighting
 * Level 6.3 Axes
 + Level 4.1 Armour
 + Level 3.8 Dodging


You had 5 spell levels left.
You didn't know any spells.
Your spell library was empty.

Dungeon Overview and Level Annotations

Branches:
Dungeon (4/15)
 Temple: D:4-7

Altars:

Shops:
D:3 [


Innate Abilities, Weirdness & Mutations

You have a pair of horns on your head.
You reflexively headbutt those who attack you in melee.


Message History

* * * LOW HITPOINT WARNING * * *
You climb upwards.
There is a stone staircase leading down, spattered with blood here.
A red film seems to cover your vision as you go berserk!
You feel yourself moving faster!
You feel mighty! The wight misses you.
You slash the wight!
You destroy the wight!
Trog accepts your kill.
Things that are here:
a +2 long sword of flaming; a +0 robe; a +0 dagger You start resting.
You feel a strong urge to attack something.
You start resting.
You are no longer berserk.
You are exhausted.
You feel yourself slow down.
You start resting.
You feel yourself speed up.
There is a stone staircase leading down, spattered with blood here.
Things that are here:
a +2 long sword of flaming; a +0 robe; a +0 dagger You start resting.
You recover from your berserk rage.
You start resting.
There is a stone staircase leading down, spattered with blood here.
You climb downwards.
The wight closely misses you.
The wight hits you with a +2 morningstar.
You feel drained. The wight closely misses you.
There is a stone staircase leading up, spattered with blood here.
The wight hits you with a +2 morningstar!
* * * LOW HITPOINT WARNING * * *
The wight zaps a wand.
The puff of flame hits you!
* * * LOW HITPOINT WARNING * * *
You climb upwards.
There is a stone staircase leading down, spattered with blood here.
Unknown command.
Your skin crawls.
You feel strong-willed.
The wight hits you with a +2 morningstar!
You die...

...##.###.###.# #..'.#1#._#.#
#..##.#.......# ##..#.###.##.#
#..##.........#####...#8...8#..#
#..####.#.##..##......#######..##
#..####.#.##..##.###.............
#........<##..##.# #######...#.##
#.###.#.####..##.# #.###.## #.#
#...†.....##z# #.# #..) #.#
###.####..##@# #.# #..# #.# #.#
#..##z#### #)# #..# #.# #.#
#........######.###..# #.#####.#
#.###.##.............# ........#
#.# #.################ #########
#.###.# #.....# #######


You could see 2 wights.

Vanquished Creatures
  2 scorpions (D:3)
  A wight (D:3)
  A howler monkey (D:4)
  A jelly (D:4)
  A bullfrog skeleton (D:4)
  An iguana (D:3)
  Terence (D:2)
  Robin (D:4)
  4 gnolls
  5 adders
  7 dart slugs
  3 orcs (D:3)
  6 endoplasms
  3 giant cockroaches
  16 goblins
  11 hobgoblins
  4 jackals (D:1)
  2 quokkas (D:2)
  9 ball pythons
  2 bats
  4 kobolds
  10 rats
95 creatures vanquished.

Vanquished Creatures (others)
  A demonic plant (D:3)
1 creature vanquished.

Grand Total: 96 creatures vanquished

Notes
Turn   | Place    | Note
-------+----------+-------------------------------------------
     0 | D:1      | Zeld the Minotaur Berserker began the quest for the Orb.
     0 | D:1      | Reached XP level 1. HP: 19/19 MP: 0/0
   199 | D:1      | Reached XP level 2. HP: 21/27 MP: 1/1
   909 | D:2      | Reached XP level 3. HP: 31/33 MP: 2/2
  1020 | D:2      | Reached ** piety under Trog
  1064 | D:2      | Noticed Terence
  1076 | D:2      | Killed Terence
  1283 | D:2      | Reached XP level 4. HP: 37/41 MP: 3/3
  2075 | D:2      | HP: 2/41 [gnoll/+0 whip (4)]
  2381 | D:3      | Noticed a scorpion
  2387 | D:3      | Killed a scorpion
  2388 | D:3      | Reached skill level 5 in Fighting
  2388 | D:3      | Reached skill level 5 in Axes
  2388 | D:3      | Reached XP level 5. HP: 48/48 MP: 4/4
  2846 | D:3      | Found a faded altar of an unknown god.
  2846 | D:3      | Noticed a Hell Sentinel
  3040 | D:3      | Found Uhuqerus's Antique Armour Boutique.
  3733 | D:4      | Noticed Robin
  3745 | D:3      | Reached *** piety under Trog
  3944 | D:3      | Reached XP level 6. HP: 52/57 MP: 5/5
  3997 | D:4      | Killed Robin
  4877 | D:4      | HP: 2/51 [wight/+2 long sword of flaming (5)]
  5042 | D:3      | Slain by a wight

Illustrated notes

Levels and vault maps discovered:
D:1:      dpeg_arrival_refuge, layout_rooms
D:2:      layout_rooms, solitary_fountain, uniq_terence
D:3:      layout_loops_ring, dreamdust_ecumenical_altar_sealed_demon,
          serial_shops, shop_statue, minmay_stone_trees_small,
          minmay_fractal_squares_diagonal_5
D:4:      layout_basic, uniq_natasha, uniq_robin

Skill      XL: |  1  2  3  4  5  6 |
---------------+-------------------+-----
Fighting       | 4 5 6 |  6.2
Axes           | 4 5 6 |  6.3
Armour         | 3 4 |  4.1
Dodging        | 3 |  3.8

Action                   |  1- 3 |  4- 6 || total
-------------------------+-------+-------++-------
Melee: Hand axe          |    64 |   146 ||   210
       Headbutt          |     6 |    18 ||    24
       Punch             |     2 |     1 ||     3
Invok: Berserk           |       |     4 ||     4
       Trog's Hand       |       |     1 ||     1
Armor: Animal skin       |    12 |    13 ||    25
       Skin              |    11 |       ||    11
Dodge: Dodged            |    54 |   106 ||   160
